 Dungeon Crawl Stone Soup version 0.29.1-15-g9cfb28693d (webtiles) character file.

Game seed: 13503679976976803459

728 GigaChad the Covered (level 7, -3/61 HPs)
             Began as a Minotaur Fighter on Mar 9, 2023.
             Slain by an ogre
             ... wielding a +0 giant club
              (10 damage)
             ... on level 5 of the Dungeon on Mar 10, 2023.
             The game lasted 00:07:40 (4816 turns).

GigaChad the Covered (Minotaur Fighter)             Turns: 4816, Time: 00:07:41

Health: -3/61      AC: 11    Str: 23    XL:     7   Next: 44%
Magic:  6/6        EV:  8    Int:  5    God:
Gold:   223        SH:  4    Dex:  9    Spells: 6/6 levels left

rFire   . . .      SeeInvis .   a - +0 war axe
rCold   . . .      Faith    .   c - +0 buckler
rNeg    . . .      Spirit   .   y - +0 chain mail
rPois   .          Reflect  .   (helmet restricted)
rElec   .          Harm     .   t - +0 cloak
rCorr   .          Rampage  .   (no gloves)
Will    .....                   (no boots)
Stlth   ..........              (no amulet)
HPRegen 0.20/turn               (no ring)
MPRegen 0.10/turn               (no ring)

@: no status effects
A: horns 2, retaliatory headbutt
a: no special abilities


You were on level 5 of the Dungeon.
You visited 1 branch of the dungeon, and saw 5 of its levels.

You collected 223 gold pieces.

Inventory:

Hand Weapons
 a - a +0 war axe (weapon)
 s - a +4 quarterstaff of chaos
 x - a +0 spectral club
Armour
 b - a +0 scale mail
 c - a +0 buckler (worn)
 g - a +2 pair of gloves
 t - a +0 cloak (worn)
 y - a +0 chain mail (worn)
Jewellery
 h - an amulet of faith
 m - an amulet of magic regeneration
Wands
 k - a wand of iceblast (9)
 p - a wand of light (6)
 w - a wand of paralysis (8)
Scrolls
 e - a scroll of enchant weapon
 o - 4 scrolls of immolation
 u - a scroll of teleportation
Potions
 d - 2 potions of might
 f - 3 potions of mutation
 i - a potion of curing {unknown}
 j - 3 potions of flight {unknown}
 l - 2 potions of lignification {unknown}
 n - a potion of heal wounds {unknown}
 q - 2 potions of haste {unknown}
 r - a potion of brilliance {unknown}
 v - a potion of attraction {unknown}
 z - a potion of cancellation {unknown}


   Skills:
 + Level 5.5 Fighting
 + Level 6.0 Axes
 + Level 6.9 Armour
 + Level 1.9 Dodging
 + Level 0.4 Stealth
 + Level 4.5 Shields


You had 6 spell levels left.
You didn't know any spells.
Your spell library contained the following spells:

 Spells                   Type           Power      Damage    Failure   Level
 Apportation              Tloc           0%         N/A       99%         1
 Beastly Appendage        Tmut           0%         N/A       99%         1
 Necrotise                Necr           0%         1d4       99%         1
 Slow                     Hex            0%         N/A       99%         1
 Summon Small Mammal      Summ           0%         N/A       99%         1
 Scorch                   Fire           0%         2d5       100%        2
 Wereblood                Tmut           0%         N/A       100%        2
 Confusing Touch          Hex            0%         N/A       100%        3
 Spider Form              Tmut/Pois      0%         N/A       100%        3
 Vampiric Draining        Necr           0%         2d6       100%        3
 Flame Wave               Conj/Fire      0%         2d4       100%        4
 Summon Cactus Giant      Summ           0%         N/A       100%        6


Dungeon Overview and Level Annotations

Branches:
Dungeon (5/15)
 Temple: D:4-7

Altars:
Elyvilon
Gozag
Ru
Vehumet
Xom
Yredelemnul


Innate Abilities, Weirdness & Mutations

You have a pair of horns on your head.
You reflexively headbutt those who attack you in melee.


Message History

The hound is heavily wounded.
You hit the centaur but do no damage. The hound bites you.
The centaur hits you. The centaur barely misses you.
The hound bites you but does no damage.
You closely miss the hound.
The hound is heavily wounded.
You hit the centaur. The centaur barely misses you.
You block the centaur's attack. The hound bites you but does no damage.
The centaur hits you but does no damage.
The centaur kicks you but does no damage.
The hound bites you but does no damage.
You slash the hound!
You kill the hound!
You slash the centaur! The centaur barely misses you. You furiously retaliate!
You headbutt the centaur.
The centaur kicks you but does no damage.
You block the centaur's attack. The centaur completely misses you.
The ogre hits you with a +0 giant club!!
* * * LOW HITPOINT WARNING * * *
Unknown command.
Nothing quivered!
Nothing quivered!
You are too injured to fight recklessly!
You are too injured to fight recklessly!
You are too injured to fight recklessly!
You are too injured to fight recklessly!
Unknown command.
You are too injured to fight recklessly!
Unknown command.
You are too injured to fight recklessly!
You completely miss the ogre. You headbutt the ogre.
The ogre is lightly wounded.
You hit the shadow imp. You slash the centaur!
You kill the centaur!
You block the shadow imp's attack.
Your Axes skill increases to level 6!
You hit the ogre.
The ogre is lightly wounded.
You barely miss the shadow imp. The ogre hits you with a +0 giant club!
You die...

#.###...# ..###...#
...#..#.#+# #
........#..# .#
##......#...# #O
.#......##... #c
.#......# ..#.
....##.###+##'##+##
.......##......O@.#
.......##.8..8.)85#
........#.........#
###.##..#####'#####
# #.###..#.....#
#...#..#.#.###
###....#.#.#
##...#.#.##
##.......#


You could see an ogre and a shadow imp.

Vanquished Creatures
  A sky beast (D:3)
  A black bear (D:4)
  A centaur (D:5)
  A phantom (D:3)
  A scorpion (D:4)
  A jelly (D:5)
  An orc priest (D:4)
  3 hounds
  Crazy Yiuf (D:3)
  An orc wizard (D:4)
  Ijyb (D:4)
  4 adders
  6 orcs
  5 ball pythons
  2 bats
  5 endoplasms
  4 giant cockroaches
  4 goblins
  7 hobgoblins
  8 quokkas
  3 frilled lizards (D:3)
  5 kobolds
  5 rats
71 creatures vanquished.

Notes
Turn   | Place    | Note
-------+----------+-------------------------------------------
     0 | D:1      | GigaChad the Minotaur Fighter began the quest for the Orb.
     0 | D:1      | Reached XP level 1. HP: 19/19 MP: 0/0
   138 | D:1      | Reached XP level 2. HP: 15/27 MP: 1/1
   613 | D:1      | Found a faded altar of an unknown god.
  1264 | D:2      | Reached XP level 3. HP: 17/33 MP: 2/2
  2290 | D:3      | Noticed a sky beast
  2300 | D:3      | Killed a sky beast
  2301 | D:3      | Reached skill level 1 in Dodging
  2301 | D:3      | Reached XP level 4. HP: 16/41 MP: 3/3
  2301 | D:3      | Reached XP level 5. HP: 18/47 MP: 4/4
  2631 | D:3      | Noticed a phantom
  2641 | D:3      | Killed a phantom
  2642 | D:3      | Reached skill level 5 in Armour
  2961 | D:3      | Found a runed translucent door.
  2962 | D:3      | Noticed Crazy Yiuf
  3083 | D:3      | Killed Crazy Yiuf
  3199 | D:4      | Reached skill level 5 in Fighting
  3199 | D:4      | Reached skill level 5 in Axes
  3199 | D:4      | Reached XP level 6. HP: 14/56 MP: 5/5
  3544 | D:4      | Found a sacrificial altar of Ru.
  3675 | D:4      | Noticed Ijyb
  3700 | D:4      | Paralysed by Ijyb for 4 turns
  3711 | D:4      | Paralysed by Ijyb for 5 turns
  3716 | D:4      | Killed Ijyb
  3921 | D:4      | Found a radiant altar of Vehumet.
  3944 | D:4      | Found an opulent altar of Gozag.
  3946 | D:4      | Found a basalt altar of Yredelemnul.
  4114 | D:4      | Reached XP level 7. HP: 53/61 MP: 6/6
  4259 | D:4      | Found a white marble altar of Elyvilon.
  4260 | D:4      | Found a shimmering altar of Xom.
  4607 | D:5      | Entered Level 5 of the Dungeon
  4816 | D:5      | Slain by an ogre

Illustrated notes

Levels and vault maps discovered:
D:1:      matt_arrival_spirals, layout_loops_ring,
          shapermc_ecumenical_altar_hornbeckon
D:2:      layout_basic
D:3:      layout_basic, uniq_crazy_yiuf_cottage
D:4:      layout_basic, nicolae_overflow_hidden_temple,
          nicolae_vehumet_altar_sigil, gup_sewer_entry_pipe, uniq_ijyb
D:5:      minmay_chambers_of_threes, layout_rooms, minmay_temple_entry_grid,
          serial_shops, shop, nicolae_take_the_stairs, feat_on_display

Skill      XL: |  1  2  3  4  5  6  7 |
---------------+----------------------+-----
Fighting       | 4 5 |  5.5
Armour         | 4 5 6 |  6.9
Axes           | 3 5 6 |  6.0
Dodging        | 1 |  1.9
Shields        | 4 |  4.5
Stealth        | |  0.4

Action                   |  1- 3 |  4- 6 |  7- 9 || total
-------------------------+-------+-------+-------++-------
Melee: War axe           |    59 |    88 |    50 ||   197
       Headbutt          |     6 |    19 |     9 ||    34
  Use: Scroll            |       |     4 |       ||     4
Armor: Scale mail        |    42 |    42 |       ||    84
       Chain mail        |       |    13 |    35 ||    48
Dodge: Dodged            |    44 |    60 |    24 ||   128
Block: Buckler           |    17 |    21 |    14 ||    52
